AoeStats
← 491483

Arabia

505287831Analyzed
1v1 RM · 22d ago on Sep 8, 2026· 36m 47s· 2 players
Game mode
Random Map
Map size
Tiny (2 player)
Population
200
Speed
Normal
Resources
Standard
Victory
Conquest
Starting age
Dark Age
Ending age
Imperial Age
RankedLock teamsTeams togetherTeam positionsShared explorationLock speedFull tech treeHidden civsTurbo modeCheats
Victory
Defeat
🇨🇿 Magyars · Czechia
587
+15
🇩🇪 Japanese · Germany
574
-15
Nomisboon
4:40 Loom
11:09 Feudal Age
12:09 Double-Bit Axe
13:23 Wheelbarrow
13:07 Stone Mining
17:22 Man-at-Arms
28:25 Scale Mail Armor
28:25 Padded Archer Armor
491483
7:13 Loom
9:30 Feudal Age
10:22 Double-Bit Axe
11:45 Horse Collar
17:13 Fletching
23:31 Castle Age
22:33 Padded Archer Armor
29:23 Bow Saw
Connection lost

Rejoining the realm…

Still unreachable

The connection could not be restored.

Session expired

The server has moved on; the page needs a fresh start.